 Dungeon Crawl Stone Soup version 0.29.1-2-gbd0b4ee654 (webtiles) character file.

Game seed: 15995966954909315765

5327 sanboga the Blocker (level 10, -2/81 HPs)
             Began as a Minotaur Monk on Nov 15, 2022.
             Was a High Priest of Hepliaklqana.
             Slain by a vampire (9 damage)
             ... on level 9 of the Dungeon.
             The game lasted 00:13:41 (8596 turns).

sanboga the Blocker (Minotaur Monk)                 Turns: 8596, Time: 00:13:41

Health: -2/81      AC: 27    Str: 17    XL:     10   Next: 38%
Magic:  9/9        EV:  5    Int:  7    God:    Hepliaklqana [*****.]
Gold:   106        SH: 27    Dex: 20    Spells: 9/9 levels left

rFire   + + +      SeeInvis .   a - +4 broad axe (flame)
rCold   . . .      Faith    .   f - +9 tower shield "Cuvveh" {Slay+2}
rNeg    . . .      Spirit   .   o - +2 plate armour {rPois}
rPois   +          Reflect  .   h - +2 hat {Will+}
rElec   .          Harm     .   k - +0 cloak
rCorr   .          Rampage  .   A - +1 pair of gloves
Will    +....                   u - +1 pair of boots
Stlth   ..........              (no amulet)
HPRegen 0.23/turn               x - +6 ring of dexterity
MPRegen 0.11/turn               l - ring "Esar" {Fly rF+++ AC+4 Str-4 Dex+2}

@: flying, studying Fire Magic
A: reduced essence, horns 2, retaliatory headbutt
a: Renounce Religion, Recall Ancestor, Ancestor Identity, Transference, Idealise


You were on level 9 of the Dungeon.
You worshipped Hepliaklqana.
Hepliaklqana was extremely pleased with you.
You visited 3 branches of the dungeon, and saw 11 of its levels.
You also visited: Ossuary.

You collected 527 gold pieces.
You spent 421 gold pieces at shops.

Inventory:

Hand Weapons
 a - a +4 broad axe of flaming (weapon)
Armour
 f - the +9 tower shield "Cuvveh" (worn) {Slay+2}
   (You found it on level 4 of the Dungeon)

   Slay:      It affects your accuracy & damage with ranged weapons and melee
   (+2).
 h - a +2 hat of willpower (worn)
 k - a +0 cloak (worn)
 o - a +2 plate armour of poison resistance (worn)
 u - a +1 pair of boots (worn)
 A - a +1 pair of gloves (worn)
Jewellery
 l - the ring "Esar" (right hand) {Fly rF+++ AC+4 Str-4 Dex+2}
   (You acquired it in an ossuary)

   [ring of protection]

   AC:        It affects your AC (+4).
   Str:       It affects your strength (-4).
   Dex:       It affects your dexterity (+2).
   rF:        It renders you almost immune to fire.
   Fly:       It grants you flight.
 s - a ring of fire
 x - a +6 ring of dexterity (left hand)
 y - a ring of fire
Wands
 i - a wand of paralysis (2)
 t - a wand of flame (13)
 v - a wand of mindburst (23)
Scrolls
 b - 3 scrolls of enchant weapon
 d - 2 scrolls of magic mapping
 g - 5 scrolls of teleportation
 m - 2 scrolls of summoning
 p - 6 scrolls of fear
 w - 5 scrolls of enchant armour
 C - a scroll of blinking
Potions
 c - 2 potions of ambrosia
 e - 3 potions of curing
 j - 2 potions of heal wounds
 n - 2 potions of resistance
 q - a potion of berserk rage
 r - a potion of haste
 z - a potion of might {unknown}


   Skills:
 + Level 9.3 Fighting
 + Level 9.2 Axes
 + Level 7.4 Armour
 - Level 4.5 Dodging
 - Level 3.1 Stealth
 * Level 10.7 Shields


You had 9 spell levels left.
You didn't know any spells.
Your spell library contained the following spells:

 Spells                   Type           Power      Damage    Failure   Level
 Ensorcelled Hibernation  Hex/Ice        0%         N/A       100%        2
 Passwall                 Tmut/Erth      0%         N/A       100%        2
 Swiftness                Air            0%         N/A       100%        3


Dungeon Overview and Level Annotations

Branches:
Dungeon (9/15)             Temple (1/1) D:5            Lair (1/5) D:8
Ossuary (visited)
    Orc: D:9-12

Altars:
Ashenzari
Cheibriados
Elyvilon
Hepliaklqana
Kikubaaqudgha
Okawaru
Ru
Trog
Vehumet
Xom
Yredelemnul

Shops:
D:6 [?


Innate Abilities, Weirdness & Mutations

Your life essence is reduced to manifest your ancestor. (-10% HP)
You have a pair of horns on your head.
You reflexively headbutt those who attack you in melee.


Message History

There is a strange disturbance nearby!
There is a strange disturbance nearby!
There is a strange disturbance nearby!
No target in view!
No target in view!
You hit something. You burn something. Something hits you!
Something bites you but does no damage.
You closely miss something. Your headbutt misses something.
Something hits you but does no damage. Something bites you!
Something draws strength from your injuries!
Watermellon casts a spell next to you. Something hits you but does no damage.
Something completely misses you.
You barely miss something. Something hits you but does no damage.
Something bites you but does no damage.
You slash something! You burn something. You headbutt something.
Something draws life force from you! You block something's attack.
Something bites you but does no damage.
You barely miss something. Your headbutt misses something.
Something hits you but does no damage. Something bites you!
Something draws strength from your injuries!
You hit something but do no damage. Your headbutt misses something.
You block something's attack. Something bites you but does no damage.
You hear some strange, mumbled words.
Something tries to affect you, but you resist.
You slash something! You burn something. Your headbutt misses something.
Something draws life force from you!
You barely miss something. Something hits you but does no damage.
You block something's attack.
You slash something! You burn something. Something draws life force from you!
* * * LOW HITPOINT WARNING * * *
Something completely misses you. Something bites you but does no damage.
You hit something. You burn something.
You hear some strange, mumbled words.
Something tries to affect you, but you resist.
You hit something. You burn something. You headbutt something.
Something draws life force from you!
* * * LOW HITPOINT WARNING * * *
You hit something. You burn something. You block something's attack.
Something bites you but does no damage. Something hits you!
You die...

..# ########## ..#
#.........
..#####.########
..##..).###### ###
.................#
#.......########.#
...##'#.# #.#
...#..#.# #{#
...#.##.# #@#
........# #R#
..##.##.# #.#
..##.#### #.#
#.###########.# ..
#.............# ..
############### ..


You could see the friendly Watermellon the hexer.

Vanquished Creatures
  A wraith (D:9)
  2 yaks (D:9)
  A steam dragon (D:7)
  4 water moccasins
  The ghost of Icepheonix32 the Reanimator, an amateur DENe (D:4)
  An orc warrior (D:5)
  A sky beast (D:7)
  2 ice beasts
  A black bear (D:5)
  2 ogres
  5 centaurs
  A phantom (D:6)
  2 bullfrogs
  A gnoll sergeant (D:6)
  A water moccasin zombie (D:5)
  4 wights (D:7)
  2 killer bees
  A howler monkey (D:9)
  A jelly (D:4)
  2 bullfrog zombies (D:5)
  A centaur zombie (D:5)
  2 orc priests
  2 hounds (D:4)
  Ijyb (D:3)
  3 iguanas
  4 orc wizards
  A hound zombie (D:5)
  A mummy (Ossuary)
  A gnoll (D:6)
  11 adders
  A shadow imp (D:5)
  4 white imps
  An ufetubus (D:6)
  A worm (D:2)
  5 dart slugs
  21 orcs
  5 spectral bats (Ossuary)
  10 bats
  10 endoplasms
  A giant cockroach (D:2)
  8 goblins
  4 hobgoblins
  6 jackals
  3 quokkas
  5 ball pythons
  A bat simulacrum (Ossuary)
  6 frilled lizards
  10 gnoll zombies (Ossuary)
  5 goblin simulacra (Ossuary)
  5 goblin zombies (Ossuary)
  6 hobgoblin zombies (Ossuary)
  9 kobolds
  4 kobold simulacra (Ossuary)
  3 kobold zombies (Ossuary)
  2 orc zombies (Ossuary)
  5 rats
  5 rat simulacra (Ossuary)
  5 spectral goblins (Ossuary)
  A spectral kobold (Ossuary)
  A spectral rat (Ossuary)
216 creatures vanquished.

Vanquished Creatures (collateral kills)
  A two-headed ogre (D:9)
  2 yaks (D:9)
  A water moccasin (D:8)
  A sky beast (D:6)
  2 ice beasts (D:6)
  A phantom (D:6)
  A kobold brigand (D:9)
  A bullfrog (D:6)
  2 gnoll sergeants
  2 howler monkeys (D:9)
  2 orc priests
  An iguana (D:6)
  An orc wizard (D:6)
  2 gnolls (D:6)
  An adder (D:6)
  2 orcs (D:6)
  2 gnoll zombies (Ossuary)
  A hobgoblin zombie (Ossuary)
  An orc zombie (Ossuary)
27 creatures vanquished.

Vanquished Creatures (others)
  A kobold brigand (D:9)
1 creature vanquished.

Grand Total: 244 creatures vanquished

Notes
Turn   | Place    | Note
-------+----------+-------------------------------------------
     0 | D:1      | sanboga the Minotaur Monk began the quest for the Orb.
     0 | D:1      | Reached XP level 1. HP: 19/19 MP: 0/0
   194 | D:1      | Reached XP level 2. HP: 27/27 MP: 1/1
   453 | D:1      | Found a faded altar of an unknown god.
   713 | D:1      | Reached XP level 3. HP: 29/33 MP: 2/2
  1481 | D:2      | Reached XP level 4. HP: 38/40 MP: 3/3
  2340 | D:3      | Found an iron altar of Okawaru.
  2368 | D:3      | You fall into a shaft and drop 2 floors!
  2368 | D:5      | Entered Level 5 of the Dungeon
  2588 | D:5      | Noticed an orc warrior
  2632 | D:4      | Reached XP level 5. HP: 42/47 MP: 4/4
  2638 | D:4      | Found a runed translucent door.
  2639 | D:4      | Noticed Icepheonix32's ghost (amateur DENe)
  2989 | D:3      | Noticed Ijyb
  3011 | D:3      | Killed Ijyb
  3609 | D:4      | Reached skill level 5 in Fighting
  3609 | D:4      | Reached skill level 5 in Axes
  3780 | D:4      | Identified the +9 tower shield "Cuvveh" {Slay+2}
  3894 | D:4      | Reached skill level 1 in Shields
  3894 | D:4      | Reached XP level 6. HP: 53/56 MP: 5/5
  4054 | D:4      | Found a broken altar of Ashenzari.
  4130 | D:4      | Found a sacrificial altar of Ru.
  4158 | D:4      | Killed Icepheonix32's ghost
  4159 | D:4      | Reached skill level 1 in Armour
  4159 | D:4      | Reached skill level 2 in Shields
  4197 | D:5      | Found a basalt altar of Yredelemnul.
  4212 | D:5      | Reached skill level 3 in Shields
  4212 | D:5      | Reached XP level 7. HP: 41/61 MP: 6/6
  4481 | D:5      | Reached skill level 4 in Shields
  4638 | D:5      | Found a staircase to the Ecumenical Temple.
  4659 | Temple   | Entered the Ecumenical Temple
  4662 | Temple   | Became a worshipper of Hepliaklqana the Forgotten
  4662 | Temple   | Reached * piety under Hepliaklqana
  4662 | Temple   | Reached ** piety under Hepliaklqana
  4668 | D:5      | Remembered your ancestor Watermellon as a hexer
  4755 | D:5      | Found an ancient bone altar of Kikubaaqudgha.
  4892 | D:6      | Reached skill level 5 in Shields
  4892 | D:6      | Reached XP level 8. HP: 32/63 MP: 7/7
  5301 | D:6      | Reached skill level 6 in Shields
  5306 | D:6      | Found a bloodstained altar of Trog.
  5733 | D:6      | Found Qoamacs's Armour Shop.
  5743 | D:6      | Bought a +1 pair of gloves for 149 gold pieces
  5797 | D:6      | Found a white marble altar of Elyvilon.
  5831 | D:6      | Found Ziecutt's Magic Scroll Emporium.
  5836 | D:6      | Bought a scroll of enchant weapon for 97 gold pieces
  5836 | D:6      | Bought a scroll of identify for 26 gold pieces
  5876 | D:6      | Reached *** piety under Hepliaklqana
  5885 | D:6      | Reached skill level 7 in Shields
  5921 | D:6      | Reached skill level 5 in Armour
  5923 | D:6      | Reached XP level 9. HP: 71/71 MP: 8/8
  5949 | D:6      | Reached skill level 8 in Shields
  6162 | D:7      | Identified the +3 sling of Truth {speed, rPois}
  6985 | D:8      | Reached skill level 9 in Shields
  6986 | D:8      | Identified 3 scrolls of acquirement
  6986 | D:8      | Acquired a +2 hat of willpower
  7050 | D:8      | Found a sand-covered staircase.
  7055 | Ossuary  | Entered an ossuary
  7077 | Ossuary  | Acquired the ring "Esar" {Fly rF+++ AC+4 Str-4 Dex+2}
  7081 | Ossuary  | Acquired a +4 broad axe of flaming
  7154 | Ossuary  | Reached **** piety under Hepliaklqana
  7478 | D:8      | Found a staircase to the Lair.
  7611 | D:6      | Bought a +1 pair of boots for 149 gold pieces
  7935 | D:8      | Found a radiant altar of Vehumet.
  8122 | Lair:1   | Entered Level 1 of the Lair of Beasts
  8122 | Lair:1   | Noticed a cane toad
  8122 | Lair:1   | Noticed a komodo dragon
  8296 | D:9      | Found a shimmering altar of Xom.
  8309 | D:9      | Reached XP level 10. HP: 71/81 MP: 9/9
  8374 | D:9      | Reached skill level 10 in Shields
  8538 | D:9      | Noticed a two-headed ogre
  8539 | D:9      | Reached ***** piety under Hepliaklqana
  8545 | D:9      | Killed a two-headed ogre
  8596 | D:9      | Slain by a vampire

Illustrated notes

Levels and vault maps discovered:
D:1:      dpeg_arrival_boxorama, layout_basic,
          shapermc_ecumenical_altar_mp_urbaneastern, minmay_pentomino_r4
D:2:      layout_basic
D:3:      layout_loops_cross, okawaru_ov_weapons_minmay,
          kennysheep_generic_room_12, uniq_ijyb
D:4:      layout_basic, mainiacjoe_overflow_small_starburst,
          nicolae_ru_path_of_blood, gammafunk_ghost_grave,
          hangedman_decor_peaks_small
D:5:      layout_loops_ring, mainiacjoe_overflow_alcove_1,
          nicolae_yredelemnul_corpse_copse, minmay_temple_entry_waves
D:6:      layout_basic, overflow_temple_1_default, trog_three_pillars_becter,
          serial_shops, shop, nicolae_shop_waterfront, nzn_random_ring
D:7:      layout_basic
D:8:      layout_loops_corners, kennysheep_mini_moat, lair_entry_dummy,
          nicolae_ossuary_entry_false_entrances
D:9:      lemuel_troll_bridge, layout_basic, nicolae_qazlal_general_emergency,
          xom_confusion_cloud, hangedman_decor_slide_cut
Temple:   nicolae_temple_hex_pool
Lair:1:   layout_small_grid, serial_bayou_lagoon_a, grunt_megastairs_3,
          uniq_joseph

Skill      XL: |  1  2  3  4  5  6  7  8  9 10 |
---------------+-------------------------------+-----
Stealth        | 2 3 |  3.1
Fighting       | 4 5 6 7 8 9 |  9.3
Axes           | 4 5 6 7 8 9 |  9.2
Dodging        | 4 |  4.5
Shields        | 1 3 5 7 9 10 | 10.7
Armour         | 2 3 5 6 7 |  7.4

Action                   |  1- 3 |  4- 6 |  7- 9 | 10-12 || total
-------------------------+-------+-------+-------+-------++-------
Melee: Hand axe          |   100 |    93 |       |       ||   193
       Headbutt          |    11 |    30 |    51 |     9 ||   101
       Punch             |     1 |       |       |       ||     1
       War axe           |       |    72 |   147 |       ||   219
       Broad axe         |       |       |    90 |    35 ||   125
Invok: Ancestor Life: He |       |       |     1 |       ||     1
       Ancestor Identity |       |       |     1 |       ||     1
  Use: Scroll            |       |     6 |    18 |       ||    24
 Stab: Sleeping          |     2 |       |       |       ||     2
       Confused          |       |       |     5 |       ||     5
       Distracted        |       |       |     4 |       ||     4
Armor: Robe              |     2 |       |       |       ||     2
       Chain mail        |    30 |       |       |       ||    30
       Plate armour      |    28 |   120 |    84 |    14 ||   246
Dodge: Dodged            |    33 |    45 |    14 |     2 ||    94
Block: Tower shield      |       |    90 |   242 |    29 ||   361
